 Dungeon Crawl Stone Soup version 0.19.0-2-gae57169 (webtiles) character file.

13783 Chiseanne the Covert (level 12, -9/88 HPs)
             Began as an Octopode Wanderer on Nov 4, 2016.
             Was an Initiate of Gozag.
             Mangled by a swamp worm (27 damage)
             ... on level 4 of the Lair of Beasts.
             The game lasted 01:24:47 (11359 turns).

Chiseanne the Covert (Octopode Wanderer)           Turns: 11359, Time: 01:24:47

Health: -9/88      AC:  1    Str: 13    XL:     12   Next: 9%
Magic:  18/18      EV: 28    Int: 11    God:    Gozag
Gold:   380        SH:  0    Dex: 30    Spells: 0 memorised, 11 levels left

rFire  + . .     SeeInvis +     a - +5 short sword (protect)
rCold  + . .     Gourm    .     (no shield)
rNeg   + . .     Faith    .     (helmet restricted)
rPois  .         Spirit   .     h - amulet of harm
rElec  +         Reflect  .     j - ring of protection from fire
rCorr  .         Harm     +     l - +4 ring of dexterity
MR     ++...                    R - ring "Govvel" {rElec rF+ Int-3 Slay+3 SInv}
Stlth  +++++++...               S - ring of Mafufoak {Ice MR++ Dex+3}
                                W - +4 ring of evasion
                                I - +2 ring of strength (curse)
                                x - ring of positive energy
                                O - ring of the Evening {+Fly rElec Dex+6}

@: no status effects
A: almost no armour, stealthy swim, amphibious, 8 rings, constrict 8, camouflage
1, gelatinous body 1
a: Potion Petition, Call Merchant, Bribe Branch, Renounce Religion, Evoke Flight


You were on level 4 of the Lair of Beasts.
You worshipped Gozag.
Gozag was aware of your devotion.
You were not hungry.

You visited 3 branches of the dungeon, and saw 13 of its levels.

You collected 4084 gold pieces.
You spent 2844 gold pieces at shops.
You paid 860 gold pieces to Gozag.

Inventory:

Hand Weapons
 a - a +5 short sword of protection (weapon)
 k - the +6 battleaxe of Bodily Harmony {chop, MR+ Str+5, unknown}
   (You found it on level 1 of the Lair of Beasts)

   It inflicts extra damage upon your enemies.
   It affects your strength (+5).
   It affects your resistance to hostile enchantments.
 q - a +0 blowgun
 s - the +11 quarterstaff of Stickiness {elec, rElec rF+ rC-}
   (You found it on level 1 of the Lair of Beasts)

   Occasionally, upon striking a foe, it will discharge some electrical energy
   and cause terrible harm.
   It protects you from fire.
   It makes you vulnerable to cold.
   It insulates you from electricity.
 w - a +0 hand crossbow of flaming
Missiles
 b - 100 bolts
 o - 2 throwing nets (quivered)
 C - 4 curare-tipped needles
 D - 50 sling bullets
 F - 11 poisoned needles
Magical Staves
 H - an uncursed staff of cold
Jewellery
 h - an amulet of harm (around mantle)
 j - a ring of protection from fire (left tentacle)
 l - a +4 ring of dexterity (right tentacle)
 u - an uncursed amulet of the gourmand
 v - an uncursed amulet of regeneration
 x - a ring of positive energy (on tentacle)
 G - an uncursed amulet of guardian spirit
 I - a cursed +2 ring of strength (on tentacle)
 O - the ring of the Evening (on tentacle) {+Fly rElec Dex+6}
   (You bought it in a shop on level 8 of the Dungeon)

   [ring of dexterity]

   It affects your dexterity (+6).
   It insulates you from electricity.
   It lets you fly.
 R - the ring "Govvel" (on tentacle) {rElec rF+ Int-3 Slay+3 SInv}
   (You bought it in a shop on level 8 of the Dungeon)

   [ring of see invisible]

   It affects your intelligence (-3).
   It affects your accuracy and damage with ranged weapons and melee attacks
   (+3).
   It protects you from fire.
   It insulates you from electricity.
   It lets you see invisible.
 S - the ring of Mafufoak (on tentacle) {Ice MR++ Dex+3}
   (You bought it in a shop on level 8 of the Dungeon)

   [ring of ice]

   It enhances your ice magic.
   It affects your dexterity (+3).
   It makes you vulnerable to fire.
   It protects you from cold.
   It affects your resistance to hostile enchantments.
 V - an uncursed ring of protection from fire
 W - a +4 ring of evasion (on tentacle)
Wands
 m - a wand of random effects (36/48)
 y - a wand of confusion (6/48)
 B - a wand of flame (7/48)
 J - a wand of lightning (5/15)
 K - a wand of digging (6/24)
 N - a wand of iceblast (2/15)
 U - a wand of paralysis (13/24)
 X - a wand of disintegration (0/24)
Scrolls
 c - a scroll of magic mapping
 d - 5 scrolls of remove curse
 n - 5 scrolls of teleportation
 P - a scroll of enchant armour
 Q - 2 scrolls of recharging
Potions
 g - 5 potions of flight
 i - 2 potions of curing
 p - a potion of cure mutation
 r - a potion of agility
 z - a potion of lignification
 A - 3 potions of magic
 E - 2 potions of cancellation
 L - a potion of might
 M - 2 potions of berserk rage
Books
 e - the Handbook of Mutagenic Dark Rituals
   (You found it on level 4 of the Dungeon)

   Spells                             Type                      Level
   a - Corpse Rot                     Necromancy                   2
   b - Regeneration                   Charms/Necromancy            3
   c - Control Undead                 Necromancy                   4
   d - Cigotuvi's Embrace             Necromancy                   5
   e - Statue Form                    Transmutation/Earth          6
Comestibles
 f - 5 bread rations
 t - 5 meat rations
 T - 8 royal jellies


   Skills:
 * Level 10.3 Fighting
 - Level 1.0 Staves
 - Level 6.1 Crossbows
 - Level 1.0 Throwing
 * Level 9.9 Dodging
 * Level 13.0 Stealth
   Level 1.0 Shields
 * Level 8.1 Evocations


You had 11 spell levels left.
You didn't know any spells.

Dungeon Overview and Level Annotations

Branches:
Dungeon (8/15)             Temple (1/1) D:5            Lair (4/6) D:8
  Swamp (0/4) Lair:4
  Snake: Lair:2-4    Spider: Lair:2-4

Altars:
Ashenzari
Cheibriados
Dithmenos
Elyvilon
Fedhas
Gozag
Hepliaklqana
Kikubaaqudgha
Makhleb
Nemelex Xobeh
Okawaru
Qazlal
Ru
Sif Muna
Trog
Uskayaw
Vehumet
Xom
Yredelemnul
Zin
The Shining One

Shops:
D:5 [   D:7 ?   D:8 =

Annotations:
D:5 Grinder
D:6 4 runed doors
Lair:1 exclusion: obsidian statue


Innate Abilities, Weirdness & Mutations

You cannot wear most types of armour.
You are very stealthy in the water. (Stealth+)
You are amphibious.
You can wear up to eight rings at the same time.
You can use your tentacles to constrict eight enemies at once.
Your skin changes colour to match your surroundings (Stealth+).
Your rubbery body absorbs attacks. (AC +1, EV +1)


Message History

The swamp worm is moderately wounded.
The swamp worm misses you.
You puncture the swamp worm! You grab the swamp worm.
You squeeze the swamp worm!
The swamp worm is almost dead.
You constrict the swamp worm, but do no damage.
The swamp worm bites you!! The swamp worm bites you!
* * * LOW HITPOINT WARNING * * *
You hit the swamp worm.
You kill the swamp worm!
You now have 375 gold pieces (gained 3).
You now have 380 gold pieces (gained 5).
There is a staircase to the Swamp, spattered with blood here.
A swamp worm bursts forth from the water.
The swamp worm bites you!
* * * LOW HITPOINT WARNING * * *
Okay, then.
You feel better. The swamp worm closely misses you. The swamp worm bites you!!
You die...
Your body crumbles into a pile of gold.

..............................##
...............................#
...............................#
..............................#
..............................#
..........♣♣♣♣♣♣♣♣............###
......♣♣♣♣♣♣♣♣♣♣♣♣♣♣♣♣♣........P#
.....♣♣§§§♣≈≈≈≈≈♣≈≈≈≈≈♣♣♣.......#
#...♣♣♣§§§§♣.♣.♣@..♣.♣.........##
#### ♣≈§.§....w.........♣.....#
♣≈§§♣≈≈≈≈≈♣≈≈≈≈≈♣♣♣......#
♣♣♣♣♣♣♣♣♣♣♣♣♣♣♣♣♣ ......##
.......# ........# #........#
##.......# .....#


You could see a swamp worm.

Vanquished Creatures
  Rupert (Lair:3)
  Sonja (Lair:1)
  Pikel (D:7)
  2 elephants (Lair:2)
  A black mamba (Lair:2)
  3 spiny frogs
  A rime drake (Lair:2)
  2 komodo dragons
  A troll (D:8)
  A hornet (D:8)
  A polar bear (Lair:2)
  6 hippogriffs
  A wyvern (Lair:4)
  8 yaks
  2 hungry ghosts
  A basilisk (Lair:1)
  Menkaure (D:7)
  4 swamp worms (Lair:4)
  Duvessa (D:5)
  2 soldier ants (D:8)
  4 porcupines
  3 water moccasins
  A black bear (D:8)
  An orc warrior (D:7)
  2 sky beasts (D:8)
  2 phantoms
  An ice beast (D:8)
  A wolf (Lair:1)
  5 ogres
  A centaur (D:6)
  5 crocodiles
  3 bullfrogs
  Dowan (D:5)
  3 scorpions
  3 electric eels
  A crimson imp (D:6)
  4 hounds
  4 jellies
  6 orc wizards
  2 orc priests
  A bullfrog skeleton (D:8)
  2 gnoll shamans
  2 iguanas
  7 worker ants
  2 hound skeletons
  Robin (D:2)
  2 worker ant zombies
  11 gnolls
  A howler monkey skeleton (D:8)
  14 adders
  A shadow imp (D:5)
  An ooze (D:1)
  An adder skeleton (D:4)
  A dart slug (D:3)
  3 worms
  4 leopard geckos
  19 orcs
  A ball python (D:3)
  6 giant cockroaches
  31 goblins
  11 hobgoblins
  2 jackals (D:3)
  4 quokkas
  2 ball python skeletons
  9 bats
  10 frilled lizards
  A giant cockroach zombie (D:5)
  A jackal skeleton (D:5)
  8 kobolds
  A leopard gecko skeleton (D:6)
  7 rats
  A fungus (D:8)
262 creatures vanquished.

Vanquished Creatures (others)
  A hound (D:7)
  2 worker ants (D:7)
  2 gnolls (D:7)
  An adder zombie (D:7)
  A fungus (Lair:2)
  2 plants (D:8)
9 creatures vanquished.

Grand Total: 271 creatures vanquished

Notes
Turn   | Place    | Note
-------+----------+-------------------------------------------
     0 | D:1      | Chiseanne the Octopode Wanderer began the quest for the Orb.
     0 | D:1      | Chiseanne set off with: 2 throwing nets, a +0 shortbow, 26 arrows, a +0 hand crossbow, 20 bolts, a bread ration
     0 | D:1      | Reached XP level 1. HP: 16/16 MP: 1/1
    96 | D:1      | Reached XP level 2. HP: 21/21 MP: 2/2
   377 | D:1      | Reached skill level 1 in Stealth
   528 | D:1      | Reached XP level 3. HP: 16/26 MP: 3/3
  1080 | D:2      | Reached skill level 2 in Stealth
  1311 | D:2      | Reached XP level 4. HP: 32/32 MP: 4/4
  1497 | D:2      | Noticed Robin
  1514 | D:2      | Killed Robin
  1720 | D:2      | Reached skill level 3 in Stealth
  2191 | D:3      | Reached XP level 5. HP: 28/37 MP: 5/5
  3063 | D:3      | Found a deep blue altar of Sif Muna.
  3080 | D:3      | Reached skill level 4 in Stealth
  3080 | D:3      | Reached XP level 6. HP: 40/43 MP: 6/6
  3082 | D:3      | Identified Sif Muna's Handbook of Confrontation
  3460 | D:3      | Found a sparkling altar of Nemelex Xobeh.
  3462 | D:3      | Found a basalt altar of Yredelemnul.
  3462 | D:3      | Found an ancient bone altar of Kikubaaqudgha.
  3789 | D:4      | Reached skill level 5 in Stealth
  3789 | D:4      | Reached XP level 7. HP: 19/49 MP: 7/7
  4114 | D:4      | Identified the Handbook of Mutagenic Dark Rituals
  4158 | D:4      | Reached skill level 5 in Fighting
  4498 | D:4      | Found an iron altar of Okawaru.
  4700 | D:5      | Entered Level 5 of the Dungeon
  4700 | D:5      | Found a staircase to the Ecumenical Temple.
  4712 | D:5      | Found Femosm's Armour Shoppe.
  4712 | D:5      | Noticed Duvessa
  4712 | D:5      | Noticed Dowan
  4725 | D:5      | Killed Dowan
  4725 | D:5      | Reached skill level 6 in Stealth
  4726 | D:5      | Killed Duvessa
  4726 | D:5      | Reached XP level 8. HP: 25/55 MP: 8/8
  4975 | Temple   | Entered the Ecumenical Temple
  5011 | Temple   | Became a worshipper of Gozag Ym Sagoz the Greedy
  5066 | D:4      | Reached skill level 5 in Crossbows
  5188 | D:5      | Reached skill level 5 in Dodging
  5367 | D:5      | Noticed Grinder
  5833 | D:6      | Reached skill level 7 in Stealth
  6244 | D:6      | Found a large runed door.
  6245 | D:6      | Found a large runed door.
  6405 | D:6      | Found a large runed door.
  6406 | D:6      | Found a large runed door.
  6435 | D:6      | Reached XP level 9. HP: 63/63 MP: 9/9
  6624 | D:7      | Reached skill level 8 in Stealth
  6721 | D:7      | Noticed Pikel
  6723 | D:7      | Killed Pikel
  6723 | D:7      | Reached skill level 1 in Evocations
  6789 | D:7      | Noticed Menkaure
  6797 | D:7      | Killed Menkaure
  6841 | D:7      | Found Ysucsac's Magic Scroll Emporium.
  6850 | D:7      | Bought a scroll of vulnerability for 90 gold pieces
  6850 | D:7      | Bought a scroll of enchant armour for 90 gold pieces
  6850 | D:7      | Bought a scroll of noise for 12 gold pieces
  6850 | D:7      | Bought a scroll of identify for 24 gold pieces
  6850 | D:7      | Bought a scroll of identify for 24 gold pieces
  6856 | D:7      | Bought a scroll of identify for 24 gold pieces
  6856 | D:7      | Bought a scroll of teleportation for 36 gold pieces
  6856 | D:7      | Bought a scroll of teleportation for 36 gold pieces
  6856 | D:7      | Bought a scroll of recharging for 114 gold pieces
  7143 | D:7      | You fall through a shaft!
  7162 | D:8      | Reached skill level 9 in Stealth
  7418 | D:8      | Identified a scroll of acquirement
  7433 | D:8      | Bought the ring "Govvel" {rElec rF+ Int-3 Slay+3 SInv} for 507 gold pieces
  7434 | D:8      | Bought the ring of Mafufoak {Ice MR++ Dex+3} for 560 gold pieces
  7441 | D:8      | Found a staircase to the Lair.
  7533 | D:8      | Noticed a troll
  7540 | D:8      | Killed a troll
  7540 | D:8      | Reached XP level 10. HP: 71/71 MP: 12/12
  7592 | D:8      | Reached skill level 10 in Stealth
  7949 | D:8      | Noticed a red ugly thing
  8333 | D:8      | Bought a +4 ring of evasion for 432 gold pieces
  8347 | Lair:1   | Entered Level 1 of the Lair of Beasts
  8391 | Lair:1   | Noticed Sonja
  8393 | Lair:1   | Killed Sonja
  8393 | Lair:1   | Reached skill level 5 in Evocations
  8454 | Lair:1   | Noticed a spiny frog
  8658 | Lair:1   | Noticed an obsidian statue
  8708 | Lair:1   | Got a shimmering quarterstaff
  8721 | Lair:1   | Got a dazzling battleaxe
  8728 | Lair:1   | Identified the +11 quarterstaff of Stickiness {elec, rElec rF+ rC-} (You found it on level 1 of the Lair of Beasts)
  8807 | Lair:1   | Reached skill level 11 in Stealth
  8870 | Lair:1   | Killed a spiny frog
  8875 | Lair:1   | Reached XP level 11. HP: 72/78 MP: 15/15
  9842 | Lair:2   | Reached skill level 12 in Stealth
 10022 | D:8      | Bought the ring of the Evening {+Fly rElec Dex+6} for 895 gold pieces
 11078 | Lair:3   | Noticed Rupert
 11082 | Lair:3   | Killed Rupert
 11082 | Lair:3   | Reached skill level 10 in Fighting
 11159 | Lair:4   | Reached XP level 12. HP: 87/87 MP: 17/17
 11194 | Lair:4   | Reached skill level 13 in Stealth
 11327 | Lair:4   | Found a staircase to the Swamp.
 11359 | Lair:4   | Mangled by a swamp worm

Skill      XL: |  1  2  3  4  5  6  7  8  9 10 11 12 |
---------------+-------------------------------------+-----
Stealth        | 1 2 3 4 5 6 7 9 11 12 13 | 13.0
Crossbows      | 3 4 5 6 |  6.1
Dodging        | 3 4 5 7 8 9 |  9.9
Fighting       | 4 5 6 7 8 10 | 10.3
Evocations     | 3 6 7 8 |  8.1
Staves         | |  1.0
Throwing       | |  1.0
Shields        | |  1.0

Action                   |  1- 3 |  4- 6 |  7- 9 | 10-12 || total
-------------------------+-------+-------+-------+-------++-------
Melee: Short sword       |     3 |   104 |   154 |   100 ||   361
       Constrict         |     2 |    26 |    35 |    15 ||    78
       Tentacles         |     1 |    24 |    37 |    28 ||    90
       Whip              |       |       |     8 |       ||     8
       Quarterstaff      |       |       |       |     4 ||     4
 Fire: Shortbow          |    43 |    27 |       |       ||    70
       Hand crossbow     |    31 |    41 |    56 |    62 ||   190
Invok: Call Merchant     |       |       |     1 |       ||     1
Evoke: Wand              |       |     4 |     1 |    17 ||    22
  Use: Scroll            |    10 |     6 |    11 |     4 ||    31
       Potion            |       |       |     1 |     1 ||     2
 Stab: Sleeping          |       |     6 |    25 |    19 ||    50
       Distracted        |       |       |     1 |       ||     1
       Confused          |       |       |     1 |     3 ||     4
       Paralysed         |       |       |       |     3 ||     3
  Eat: Chunk             |     1 |     8 |     4 |       ||    13
       Fruit             |       |       |     6 |     3 ||     9
       Beef jerky        |       |       |     3 |     4 ||     7
       Pizza             |       |       |     1 |       ||     1
       Bread ration      |       |       |     1 |       ||     1
       Royal jelly       |       |       |       |     1 ||     1
Armor: Skin              |     1 |    16 |    21 |     3 ||    41
Dodge: Dodged            |    16 |    64 |   101 |    82 ||   263
